Map: Automaton LE

Players

Reynor - Winner!

  • Race: Zerg Zerg
  • Spawn Location: 3:00

HolyHit

  • Race: Protoss Protoss
  • Spawn Location: 9:00

Event: 2019 WCS Spring

VOD

Have the link to the VOD?

Description

Time

  • Played on: May 17, 2019, 9:16 a.m.
  • Length: 8:38

All games in this series

Show
View Real Time Build Order
Export as new Build Order

Reynor Zerg - Winner!

Build Orders: Hatch First 

Get SALT Encoding   

  12  0:00  Drone  
  13  0:13  Overlord  
  13  0:18  Drone  
  14  0:32  Drone x2  
  16  0:51  Hatchery  
  16  0:53  Drone  
  17  0:57  Drone  
  17  1:01  Drone  
  18  1:12  Extractor  
  18  1:17  Spawning Pool  
  16  1:19  Drone  
  16  1:23  Drone  
  18  1:29  Drone  
  19  1:40  Drone  
  20  1:51  Overlord  
  20  2:03  Zergling x4  
  20  2:04  Queen x2  
  26  2:12  Drone  
  26  2:13  Drone  
  28  2:18  Metabolic Boost  
  28  2:24  Drone x2  
  30  2:38  Drone x2  
  32  2:48  Hatchery  
  32  2:50  Drone  
  32  2:54  Overlord  
  32  2:59  Drone  
  32  3:00  Drone  
  32  3:05  Pneumatized Carapace  
  34  3:10  Drone x2  
  36  3:15  Drone x2  
  36  3:19  Overlord  
  38  3:25  Queen  
  40  3:28  Drone  
  40  3:29  Drone  
  40  3:32  Drone  
  40  3:33  Drone  
  44  3:37  Spore Crawler  
  43  3:41  Zergling x2  
  43  3:43  Drone  
  45  3:49  Zergling x2  
  45  3:50  Lair  
  45  3:51  Overlord  
  46  3:58  Drone x2  
  46  3:59  Drone  
  49  4:03  Queen  
  49  4:04  Zergling x2  
  52  4:12  Overlord  
  52  4:16  Zergling x6  
  55  4:18  Drone x4  
  55  4:22  Drone  
  55  4:23  Drone  
  61  4:28  Roach Warren  
  60  4:31  Extractor  
  60  4:32  Extractor  
  60  4:33  Drone x2  
  60  4:35  Overlord  
  60  4:41  Drone x2  
  60  4:42  Drone  
  60  4:44  Overlord  
  63  4:52  Queen  
  65  5:02  Overlord  
  65  5:10  Roach x8  
  81  5:15  Glial Reconstitution  
  81  5:18  Drone x4  
  81  5:19  Overseer  
  81  5:21  Roach  
  87  5:24  Overlord  
  85  5:29  Roach x2  
  85  5:32  Roach x2  
  85  5:34  Drone  
  92  5:39  Extractor  
  92  5:42  Roach x3  
  97  5:47  Overlord  
  97  5:49  Roach x2  
  101  5:53  Zergling x6  
  104  5:59  Roach  
  104  6:00  Overlord  
  106  6:04  Overlord  
  105  6:12  Roach x4  
  105  6:14  Overlord  
  105  6:17  Roach x2  
  114  6:21  Roach x2  
  114  6:23  Queen  
  119  6:30  Roach x4  
  123  6:35  Roach x3  
  123  6:38  Roach  
  119  6:45  Roach x2  
  119  6:49  Roach x2  
  123  6:55  Roach x3  
  123  6:58  Roach x2  
  123  6:59  Roach  
  127  7:06  Roach  
  127  7:07  Roach x2  
  131  7:09  Overlord  
  131  7:11  Drone x2  
  131  7:12  Drone  
  134  7:17  Roach x2  
  134  7:20  Evolution Chamber  
  134  7:22  Overlord  
  137  7:32  Overlord  
  137  7:34  Drone x7  
  137  7:36  Extractor  
  143  7:40  Ravager x2  
  143  7:41  Ravager  
  146  7:45  Drone  
  146  7:51  Overlord  
  147  7:52  Roach x4  
  147  7:57  Drone x3  
  158  8:00  Ravager  
  159  8:06  Overlord  
  159  8:08  Ravager, Roach x2  
  159  8:09  Zergling x2  
  159  8:11  Roach x3  
Show
View Real Time Build Order
Export as new Build Order

HolyHit Protoss 

Build Orders: 1 Gate Expand, Archon Immortal, Archon Drop 

Get SALT Encoding   

  12  0:00  Probe  
  13  0:12  Probe  
  14  0:18  Pylon  
  14  0:24  Probe  
  15  0:32  Probe  
  15  0:40  Probe, Gateway  
  16  0:48  Assimilator  
  17  0:51  Probe  
  18  1:03  Probe  
  19  1:15  Probe  
  20  1:26  Nexus  
  20  1:36  Cybernetics Core  
  20  1:39  Probe  
  21  1:44  Assimilator  
  21  1:51  Probe  
  21  1:53  Pylon  
  22  2:01  Probe  
  22  2:03  Adept  
  23  2:09  Probe  
  26  2:18  Probe  
  26  2:20  Robotics Facility  
  27  2:25  Warp Gate  
  27  2:30  Probe  
  27  2:35  Stalker  
  30  2:37  Probe  
  30  2:43  Probe  
  32  2:46  Probe  
  32  2:55  Probe x2  
  32  2:58  Immortal  
  34  3:07  Probe  
  34  3:10  Probe  
  40  3:17  Pylon  
  40  3:19  Probe  
  41  3:23  Probe  
  41  3:26  Gateway  
  42  3:31  Probe  
  42  3:33  Warp Prism  
  46  3:44  Twilight Council, Probe  
  46  3:46  Probe  
  47  3:52  Assimilator  
  47  3:56  Assimilator, Probe  
  49  4:03  Immortal  
  49  4:07  Pylon  
  52  4:12  Probe  
  52  4:16  Probe  
  54  4:23  Gateway  
  54  4:25  Gateway  
  54  4:35  Probe, Templar Archives  
  55  4:42  Warp Prism  
  55  4:44  Probe  
  58  4:47  Charge  
  58  4:48  Pylon  
  58  4:51  Probe  
  59  4:56  Probe, Pylon  
  60  5:06  Gateway  
  60  5:11  Gateway  
  60  5:14  Probe  
  60  5:15  Probe  
  60  5:19  High Templar  
  60  5:20  High Templar x2  
  68  5:21  High Templar  
  68  5:26  Archon x2  
  70  5:32  Probe  
  67  5:39  Gateway  
  67  5:41  Immortal  
  71  5:54  Shield Battery x2  
  71  5:55  Shield Battery  
  71  5:56  Pylon  
  71  6:03  High Templar  
  71  6:04  High Templar  
  75  6:05  Zealot  
  75  6:08  Archon  
  77  6:16  Zealot x2  
  77  6:17  Zealot  
  83  6:32  Zealot  
  83  6:35  Zealot  
  83  6:39  Immortal  
  75  6:43  Zealot x4  
  75  6:44  Zealot  
  73  6:53  Sentry  
  79  6:58  Sentry  
  70  7:10  Sentry x4  
  70  7:11  Sentry  
  70  7:12  Pylon  
  70  7:15  Pylon  
  80  7:16  Pylon  
  80  7:17  Pylon  
  80  7:24  Pylon  
  80  7:30  Sentry  
  86  7:38  Zealot  
  86  7:39  Zealot x2  
  86  7:42  Immortal  
  92  7:50  Pylon  
  92  7:51  Sentry x2  
  92  7:52  Pylon  
  92  7:53  Zealot  
  98  8:07  Zealot  
  98  8:12  Zealot x2  
  96  8:26  Zealot x3  
  96  8:27  Zealot x2  
Tags
 
Add a new tag
Caveats
  • Supply blocks, unpowered buildings, or Contaminate may cause inaccurate times.
  • Supply counts are checked every 10 seconds.